 Dungeon Crawl Stone Soup version 0.29-a0-392-g297d3b089c (webtiles) character file.

Game seed: 15509153136535896742

1061 quokkamancerX the Carver (level 8, -17/64 HPs)
             Began as a Merfolk Gladiator on May 8, 2022.
             Was an Initiate of Yredelemnul.
             Demolished by an ogre
             ... wielding a +0 giant club
              (22 damage)
             ... on level 6 of the Dungeon.
             The game lasted 00:26:40 (6651 turns).

quokkamancerX the Carver (Merfolk Gladiator)        Turns: 6651, Time: 00:26:40

Health: -17/64     AC: 10    Str: 15    XL:     8   Next: 27%
Magic:  0/8        EV: 11    Int:  7    God:    Yredelemnul [......]
Gold:   51         SH:  0    Dex: 17    Spells: 7/7 levels left

rFire   . . .      SeeInvis .   a - +0 long sword
rCold   . . .      Faith    .   (no shield)
rNeg    . . .      Spirit   +   v - +0 scale mail
rPois   .          Reflect  .   c - +2 helmet
rElec   .          Harm     .   x - +0 cloak
rCorr   .          Rampage  .   (no gloves)
Will    .....                   (no boots)
Stlth   ..........              r - amulet of guardian spirit
HPRegen 0.20/turn               (no ring)
MPRegen 0.11/turn               (no ring)

@: no status effects
A: (nimble swimmer 2), mertail
a: Renounce Religion, Recall Undead Harvest


You were on level 6 of the Dungeon.
You worshipped Yredelemnul.
Yredelemnul was noncommittal.
You visited 1 branch of the dungeon, and saw 6 of its levels.

You collected 291 gold pieces.
You spent 240 gold pieces at shops.

Inventory:

Hand Weapons
 a - a +0 long sword (weapon)
Missiles
 b - a javelin
 d - 2 throwing nets (quivered)
 w - 2 poisoned darts
Armour
 c - a +2 helmet (worn)
 v - a +0 scale mail (worn)
 x - a +0 cloak (worn)
Jewellery
 r - an amulet of guardian spirit (around neck)
Wands
 f - a wand of acid (9)
 y - a wand of flame (12)
Scrolls
 g - a scroll of silence {unknown}
 i - a scroll of identify
 j - a scroll of vulnerability {unknown}
 k - a scroll of amnesia {unknown}
 l - a scroll of magic mapping
 s - 2 scrolls of teleportation
 t - 4 scrolls of fear
 z - a scroll of immolation {unknown}
Potions
 e - a potion of mutation {unknown}
 h - 2 potions of cancellation
 m - 2 potions of curing
 n - a potion of heal wounds {unknown}
 o - 2 potions of ambrosia {unknown}
 p - 4 potions of magic
 q - 3 potions of flight
 u - 2 potions of haste {unknown}
 B - a potion of invisibility {unknown}
 C - a potion of might {unknown}


   Skills:
 + Level 6.2 Fighting
 * Level 10.0 Long Blades
 - Level 2.0 Throwing
 - Level 4.0 Dodging


You had 7 spell levels left.
You didn't know any spells.
Your spell library contained the following spells:

 Spells                   Type           Power      Damage    Failure   Level
 Corpse Rot               Necr/Air       0%         N/A       96%         2
 Dispel Undead            Necr           0%         3d6       100%        4
 Death Channel            Necr           Unusable   N/A       N/A         6

Dungeon Overview and Level Annotations

Branches:
Dungeon (6/15)             Temple (0/1) D:5

Altars:
Yredelemnul

Shops:
D:4 (?


Innate Abilities, Weirdness & Mutations

((You are very nimble when in or above water. (Stealth+, EV+, Speed+++)))
Your lower body shifts to a powerful aquatic tail in water.


Message History

The steam dragon barely misses you.
The steam dragon claws you but does no damage.
You barely miss the steam dragon.
The steam dragon is moderately wounded.
A scorpion comes into view.
Your necrophage zombie hits the ogre.
The ogre hits your necrophage zombie with a +0 giant club!!
Your necrophage zombie is destroyed!
You closely miss the steam dragon.
The steam dragon is moderately wounded.
The steam dragon closely misses you.
The steam dragon claws you but does no damage.
A black bear comes into view.
The steam dragon breathes steam at you. The ball of steam hits you!!
An adder comes into view.
The ogre is engulfed in a cloud of scalding steam.
There is an open door here.
The steam dragon breathes steam at you. The ball of steam hits you!
You hear a bark!
You are engulfed in a cloud of scalding steam.
An iguana comes into view.
The ogre is engulfed in a cloud of scalding steam.
You are engulfed in a cloud of scalding steam.
The iguana hisses angrily.
The ogre is engulfed in a cloud of scalding steam.
You are engulfed in a cloud of scalding steam.
There is an open door here.
You close the door.
An ogre breaks down the door.
Okay, then.
As you read the scroll of fog, it crumbles to dust.
The scroll dissolves into smoke.
The ogre attacks as you move away!
The ogre hits you with a +0 giant club!!
* * * LOW HITPOINT WARNING * * *
The ogre attacks as you move away!
The ogre hits you with a +0 giant club!!
You die...
Your body rises from the dead as a mindless zombie.

.....## ##§.....# ......#
.⌠...⌠. ##....## #####.#
....... ##....## #.# .......
##Dl....# #.# ##.⌠. .⌠.##
#...##.... #.###??? ?!:##
#.l## .... #.##$?#
#??#####h..# #...
#.###############§§h§..# ...
#...........@O§h§h###......#.
################### ##....#
##.## ... .###


You could see an ogre and a hound.

Vanquished Creatures
  Eustachio (D:6)
  Edmund (D:4)
  An ice beast (D:4)
  A black bear (D:5)
  An ogre (D:5)
  A phantom (D:4)
  A necrophage (D:6)
  A scorpion (D:6)
  A hound (D:4)
  An orc priest (D:5)
  Crazy Yiuf (D:5)
  Jessica (D:3)
  Ijyb (D:4)
  An iguana (D:4)
  Robin (D:3)
  2 gnolls
  6 adders
  A white imp (D:5)
  6 dart slugs
  2 orcs (D:5)
  7 endoplasms
  3 giant cockroaches
  9 goblins
  11 hobgoblins
  7 jackals
  5 kobolds
  4 quokkas
  3 ball pythons
  4 bats
  4 frilled lizards
  6 rats
95 creatures vanquished.

Vanquished Creatures (collateral kills)
  An orc (D:4)
  An endoplasm (D:4)
  A goblin (D:3)
  2 ball pythons
  2 kobolds
7 creatures vanquished.

Vanquished Creatures (others)
  A necrophage zombie (D:6)
  A human zombie (D:6)
  A dart slug zombie (D:3)
  2 goblin zombies (D:3)
  A hobgoblin zombie (D:3)
  A jackal zombie (D:5)
  2 spectral endoplasms
9 creatures vanquished.

Grand Total: 111 creatures vanquished

Notes
Turn   | Place    | Note
-------+----------+-------------------------------------------
     0 | D:1      | quokkamancerX the Merfolk Gladiator began the quest for the
                  | Orb.
     0 | D:1      | Reached XP level 1. HP: 16/16 MP: 1/1
    90 | D:1      | Reached skill level 4 in Long Blades
    90 | D:1      | Reached XP level 2. HP: 20/23 MP: 2/2
   251 | D:1      | Reached XP level 3. HP: 17/28 MP: 3/3
   863 | D:1      | Found a faded altar of an unknown god.
   898 | D:1      | Prayed at the altar of an unknown god.
   898 | D:1      | Became a worshipper of Yredelemnul the Dark
   898 | D:1      | Reached * piety under Yredelemnul
  1074 | D:2      | Reached skill level 5 in Long Blades
  1260 | D:2      | Reached XP level 4. HP: 32/35 MP: 4/4
  2137 | D:3      | Noticed Robin
  2143 | D:3      | Reached ** piety under Yredelemnul
  2150 | D:3      | Killed Robin
  2235 | D:3      | Noticed Jessica
  2242 | D:3      | Killed Jessica
  2243 | D:3      | Reached skill level 6 in Long Blades
  2243 | D:3      | Reached XP level 5. HP: 32/41 MP: 3/5
  3413 | D:4      | Noticed Edmund
  3433 | D:4      | Killed Edmund
  3434 | D:4      | Reached skill level 7 in Long Blades
  3434 | D:4      | Reached XP level 6. HP: 8/48 MP: 0/6
  3942 | D:4      | Found Tulibl Ytobu's Weapon Boutique.
  4014 | D:4      | Noticed an ice beast
  4032 | D:4      | Killed an ice beast
  4033 | D:4      | Reached XP level 7. HP: 36/55 MP: 4/7
  4201 | D:4      | Reached skill level 8 in Long Blades
  4367 | D:4      | Noticed Ijyb
  4390 | D:4      | Killed Ijyb
  4391 | D:4      | Reached skill level 5 in Fighting
  4569 | D:4      | Found Jonubeid's Magic Scroll Shop.
  4577 | D:4      | Bought a scroll of teleportation for 39 gold pieces
  4577 | D:4      | Bought a scroll of identify for 26 gold pieces
  4577 | D:4      | Bought a scroll of identify for 26 gold pieces
  4577 | D:4      | Bought a scroll of identify for 26 gold pieces
  4577 | D:4      | Bought a scroll of fog for 26 gold pieces
  5092 | D:5      | Entered Level 5 of the Dungeon
  5179 | D:5      | Found a staircase to the Ecumenical Temple.
  5893 | D:5      | Reached skill level 9 in Long Blades
  6054 | D:5      | Found a runed translucent door.
  6055 | D:5      | Noticed Crazy Yiuf
  6068 | D:5      | Killed Crazy Yiuf
  6207 | D:4      | Bought a scroll of enchant armour for 97 gold pieces
  6223 | D:6      | Noticed Eustachio
  6260 | D:6      | Killed Eustachio
  6261 | D:6      | Reached XP level 8. HP: 34/64 MP: 4/8
  6272 | D:6      | Your ally Eustachio died
  6527 | D:6      | Reached skill level 10 in Long Blades
  6651 | D:6      | Demolished by an ogre

Illustrated notes

Levels and vault maps discovered:
D:1:      eino_arrival_water_star, layout_basic,
          chequers_ecumenical_altar_simple_redux, nrook_loot_triangle
D:2:      layout_basic, lemuel_flame_loot_1
D:3:      layout_loops_corners, kennysheep_jessica_study, uniq_robin
D:4:      minmay_skewed_foursquare, layout_basic, serial_shops, shop,
          grunt_decor_mini_mirrors, st_stairs_9, columned_hall_lemuel,
          nicolae_stop_n_shop_1, minmay_misc_feat_square, uniq_edmund, uniq_ijyb
D:5:      layout_loops_ring, minmay_temple_entry_crystal_x, serial_rivers,
          chequers_serial_rivers_micro_e, chequers_serial_rivers_micro_c,
          chequers_serial_rivers_room_a, chequers_serial_rivers_room_b,
          uniq_crazy_yiuf_cottage
D:6:      wad_guarded_room, layout_basic, serial_shops,
          nicolae_shop_bloodbath_and_beyond, uniq_eustachio, uniq_sigmund

Skill      XL: |  1  2  3  4  5  6  7  8 |
---------------+-------------------------+-----
Long Blades    | 4 5 6 7 9 10 | 10.0
Fighting       | 3 4 6 |  6.2
Throwing       | |  2.0
Dodging        | |  4.0

Action                   |  1- 3 |  4- 6 |  7- 9 || total
-------------------------+-------+-------+-------++-------
Melee: Long sword        |    79 |   163 |   118 ||   360
       Punch             |     1 |     1 |     1 ||     3
Throw: Javelin           |     1 |     1 |       ||     2
       Throwing net      |       |     4 |     3 ||     7
Invok: Recall Undead Har |       |     2 |       ||     2
  Use: Scroll            |       |     2 |     8 ||    10
 Stab: Sleeping          |     2 |       |       ||     2
       Distracted        |       |     1 |     2 ||     3
       Held in net/web   |       |     4 |       ||     4
Armor: Leather armour    |    18 |    32 |       ||    50
       Scale mail        |       |    16 |    41 ||    57
Dodge: Dodged            |    55 |    91 |    56 ||   202

Table legend: (Time is in decaauts)
 A = Elapsed time spent in this place.
 B = Non-inter-level travel time spent in this place.
 C = Inter-level travel time spent in this place.
 D = Time resting spent in this place.
 E = Time spent auto-exploring this place.
 F = Levels seen in this place.
 G = Mean time per level.
                   A        B        C        D        E       F      G
               +--------+--------+--------+--------+--------+-----+--------+
         Total |   6667 |   6482 |    185 |   1852 |   2252 |   6 | 1111.2 |
       Dungeon |   6667 |   6482 |    185 |   1852 |   2252 |   6 | 1111.2 |
               +--------+--------+--------+--------+--------+-----+--------+

Top non-repeatable levels by time:
     D:3: 1642 daAuts
     D:4: 1457 daAuts
     D:5: 1261 daAuts
     D:1: 1014 daAuts
     D:2: 1009 daAuts
     D:6: 282 daAuts
